AoeStats
← ptr0000

Arabia

509667251Analyzed
2v2 RM · 4d ago on Sep 27, 2026· 31m 24s· 4 players
Game mode
Random Map
Map size
Medium (4 player)
Population
200
Speed
Normal
Resources
Standard
Victory
Conquest
Starting age
Dark Age
Ending age
Imperial Age
RankedLock teamsTeams togetherTeam positionsShared explorationLock speedFull tech treeHidden civsTurbo modeCheats
Victory
Defeat
🇨🇴 Maya · Colombia
1131
+16
🇨🇿 Mongols · Czechia
1125
+17
🇨🇭 Saracens · Switzerland
1176
-18
🇸🇪 Malians · Sweden
1101
-15
Azmir
5:13 Loom
9:33 Feudal Age
10:40 Double-Bit Axe
19:36 Wheelbarrow
22:01 Castle Age
19:47 Horse Collar
20:13 Gold Mining
21:21 Bloodlines
22:03 Forging
21:58 Scale Barding Armor
24:12 Bow Saw
25:01 Town Watch
26:09 Heavy Plow
29:07 Iron Casting
30:37 Hand Cart
hdperezn
0:30 Loom
9:44 Feudal Age
10:35 Double-Bit Axe
12:36 Padded Archer Armor
12:29 Fletching
19:26 Padded Archer Armor
22:50 Castle Age
22:58 Crossbowman
23:43 Thumb Ring
24:23 Bow Saw
24:11 Bodkin Arrow
24:31 Leather Archer Armor
27:40 Wheelbarrow
27:12 Town Watch
29:14 Horse Collar
31:22 Town Patrol
32:12 Ballistics
ptr0000
7:11 Loom
9:40 Feudal Age
13:39 Scale Barding Armor
28:13 Castle Age
26:23 Double-Bit Axe
26:21 Horse Collar
28:58 Forging
29:45 Bow Saw
Bulbu
3:02 Loom
11:14 Feudal Age
19:12 Castle Age
18:28 Bloodlines
18:38 Double-Bit Axe
19:36 Scale Barding Armor
22:10 Forging
27:13 Stone Mining
Connection lost

Rejoining the realm…

Still unreachable

The connection could not be restored.

Session expired

The server has moved on; the page needs a fresh start.